 Dungeon Crawl Stone Soup version 0.22-a0-538-g76cc104 (webtiles) character file.

5747 Hebeh the Cleaver (level 10, -2/91 HPs)
             Began as a Minotaur Fighter on June 23, 2018.
             Was a Priest of Trog.
             Slain by a yak (7 damage)
             ... on level 11 of the Dungeon.
             The game lasted 00:30:14 (6914 turns).

Hebeh the Cleaver (Minotaur Fighter)                Turns: 6914, Time: 00:30:15

Health: -2/91      AC: 11    Str: 28    XL:     10   Next: 49%
Magic:  9/9        EV:  9    Int:  5    God:    Trog [***...]
Gold:   333        SH: 13    Dex: 11    Spells: 9/9 levels left

rFire    + . .     SeeInvis .   m - +2 hand axe (freeze)
rCold    . . .     Gourm    .   c - +1 shield
rNeg     . . .     Faith    .   b - +0 scale mail
rPois    .         Spirit   .   (helmet restricted)
rElec    .         Reflect  .   s - +0 cloak
rCorr    .         Harm     +   (no gloves)
MR       ++...     Rnd*Tele +   t - +0 pair of boots (curse)
Stlth    ..........             E - amulet of harm
HPRegen  1.25/turn              k - ring of teleportation (curse)
MPRegen  0.11/turn              i - ring of protection from fire

@: mighty, berserk cooldown, starving, regenerating, slowed, very slow
A: retaliatory headbutt, horns 2
a: Berserk, Trog's Hand, Renounce Religion


You were on level 11 of the Dungeon.
You worshipped Trog.
Trog was most pleased with you.
You were starving.

You visited 2 branches of the dungeon, and saw 11 of its levels.

You collected 365 gold pieces.
You spent 32 gold pieces at shops.

Inventory:

Hand Weapons
 a - a +0 war axe
 m - a +2 hand axe of freezing (weapon)
 q - a +0 whip of freezing
 y - a +2 flail of protection
Armour
 b - a +0 scale mail (worn)
 c - a +1 shield (worn)
 s - a +0 cloak (worn)
 t - a cursed +0 pair of boots (worn)
Jewellery
 i - a ring of protection from fire (right hand)
 j - an uncursed amulet of rage
 k - a cursed ring of teleportation (left hand)
 o - an uncursed ring of flight
 p - a +3 ring of intelligence
 E - an amulet of harm (around neck)
Wands
 r - a wand of paralysis (16)
 v - a wand of random effects (15)
 B - a wand of scattershot (2)
 D - a wand of flame (12)
 F - a wand of enslavement (7)
Scrolls
 h - 2 scrolls of teleportation
 n - 5 scrolls of identify
 u - 2 scrolls of enchant armour
 w - 2 scrolls of immolation
 x - a scroll of fog
 C - a scroll of summoning {unknown}
 H - a scroll of remove curse {unknown}
 I - a scroll of random uselessness {unknown}
Potions
 d - a potion of might
 e - 2 potions of curing {unknown}
 g - a potion of cancellation {unknown}
 A - a potion of agility
 G - a potion of haste {unknown}
 J - a potion of resistance {unknown}
Comestibles
 f - 8 rations


   Skills:
 + Level 9.2 Fighting
 * Level 11.9 Axes
 + Level 9.3 Armour
 + Level 9.3 Shields


You had 9 spell levels left.
You didn't know any spells.
Your spell library was empty.

Dungeon Overview and Level Annotations

Branches:
Dungeon (9/15)             Temple (1/1) D:5            Lair (0/6) D:8
    Orc (0/2) D:11

Altars:
Ashenzari
Cheibriados
Dithmenos
Elyvilon
Fedhas
Gozag
Kikubaaqudgha
Makhleb
Nemelex Xobeh
Okawaru
Qazlal
Ru
Sif Muna
Trog
Uskayaw
Vehumet
Wu Jian

Shops:
D:6 }   D:7 *   D:8 *


Innate Abilities, Weirdness & Mutations

You reflexively headbutt those who attack you in melee.
You have a pair of horns on your head.


Message History

Unknown command.
You hit the yak. You freeze the yak. You headbutt the yak!
The yak is moderately wounded.
You slash the goblin zombie!
You destroy the goblin zombie!
Trog accepts your kill.
You hit the yak. You freeze the yak. You hit the yak. You freeze the yak.
You hit the yak but do no damage. The yak closely misses you.
You furiously retaliate!
You headbutt the yak! The yak gores you!
* * * LOW HITPOINT WARNING * * *
You block the yak's attack.
You feel very mighty all of a sudden. You block the yak's attack.
The yak gores you but does no damage. x3
You block the yak's attack. x2
Your skin crawls.
You feel resistant to hostile enchantments.
You are starving!
You block the yak's attack. x2; The yak gores you but does no damage.
The yak gores you.
You die...

#### #.....# ...#
#.....# ##.# ###.....#
(..# .......# ...#
......#### ...#####
.Y....... .##....#
#YY...... ....##.#
#@YZ..... ....##†#
#YY...... [....#.#####
#.....(.. †...>#.....###
#......<.
)....#..................
.....#†....#####........
..........>... .#####.##
..............#. .#
....####......#


You could see 6 yaks and a troll zombie.

Vanquished Creatures
  4 ugly things
  A manticore (D:9)
  Eustachio (D:4)
  Edmund (D:6)
  A hungry ghost (D:7)
  2 wargs (D:8)
  Duvessa (D:5)
  A water moccasin (D:7)
  An orc warrior (D:8)
  2 ice beasts
  2 phantoms
  A sky beast (D:6)
  4 ogres
  A centaur (D:7)
  Blork the orc (D:4)
  A big kobold (D:11)
  3 bullfrogs
  2 elf skeletons (D:6)
  Dowan (D:5)
  A wyvern skeleton (D:7)
  2 troll zombies (D:11)
  A howler monkey (D:5)
  A vampire bat (D:5)
  3 crimson imps
  A quasit (D:5)
  A human zombie (D:6)
  A centaur skeleton (D:7)
  2 jellies (D:6)
  A bullfrog skeleton (D:7)
  Crazy Yiuf (D:4)
  3 hounds
  4 orc wizards
  4 iguanas
  Jessica (D:6)
  A human skeleton (D:6)
  6 worker ants
  2 ogre zombies (D:11)
  A hound zombie (D:5)
  A worker ant zombie (D:7)
  11 gnolls
  13 adders
  2 shadow imps
  3 oozes
  An adder skeleton (D:8)
  3 worms (D:3)
  4 dart slugs
  5 leopard geckos
  15 orcs
  2 bat skeletons (D:5)
  3 bat zombies (D:5)
  4 giant cockroaches
  10 goblins
  8 hobgoblins
  18 jackals
  8 quokkas
  8 bats
  5 frilled lizards
  2 goblin zombies (D:11)
  A hobgoblin zombie (D:11)
  A jackal skeleton (D:6)
  9 kobolds
  16 orc zombies
  A quokka zombie (D:7)
  21 rats
  A butterfly (D:5)
244 creatures vanquished.

Vanquished Creatures (others)
  An orc wizard (D:8)
1 creature vanquished.

Grand Total: 245 creatures vanquished

Notes
Turn   | Place    | Note
-------+----------+-------------------------------------------
     0 | D:1      | Hebeh the Minotaur Fighter began the quest for the Orb.
     0 | D:1      | Reached XP level 1. HP: 19/19 MP: 0/0
    57 | D:1      | Reached XP level 2. HP: 27/27 MP: 1/1
   126 | D:1      | Reached skill level 3 in Axes
   315 | D:1      | Reached XP level 3. HP: 25/33 MP: 2/2
   797 | D:2      | Reached XP level 4. HP: 40/40 MP: 3/3
   820 | D:2      | Found a radiant altar of Vehumet.
  1279 | D:3      | Reached skill level 4 in Axes
  1309 | D:3      | Reached XP level 5. HP: 26/47 MP: 4/4
  1684 | D:3      | Found a stormy altar of Qazlal.
  2191 | D:4      | Reached skill level 5 in Axes
  2191 | D:4      | Reached XP level 6. HP: 52/55 MP: 5/5
  2282 | D:4      | Found a burning altar of Makhleb.
  2289 | D:4      | Reached skill level 5 in Armour
  2289 | D:4      | Reached skill level 5 in Shields
  2485 | D:4      | Noticed Eustachio
  2485 | D:4      | Noticed Blork the orc
  2492 | D:4      | Killed Blork the orc
  2492 | D:4      | Reached skill level 5 in Fighting
  2512 | D:4      | Killed Eustachio
  2512 | D:4      | Reached skill level 6 in Axes
  2512 | D:4      | Reached XP level 7. HP: 26/61 MP: 6/6
  2796 | D:4      | Found a runed door.
  2961 | D:4      | Noticed Crazy Yiuf
  2967 | D:4      | Killed Crazy Yiuf
  2985 | D:5      | Entered Level 5 of the Dungeon
  3055 | D:5      | Found an ornate altar of the Wu Jian Council.
  3245 | D:5      | Found a shadowy altar of Dithmenos.
  3304 | D:5      | Reached skill level 7 in Axes
  3416 | D:5      | Found a staircase to the Ecumenical Temple.
  3426 | Temple   | Entered the Ecumenical Temple
  3462 | Temple   | Became a worshipper of Trog the Wrathful
  3573 | D:5      | Found a white marble altar of Elyvilon.
  3625 | D:5      | Found an ancient bone altar of Kikubaaqudgha.
  3783 | D:5      | Reached XP level 8. HP: 45/70 MP: 7/7
  4064 | D:5      | Noticed Duvessa
  4064 | D:5      | Noticed Dowan
  4077 | D:5      | Killed Duvessa
  4085 | D:5      | Killed Dowan
  4272 | D:6      | Reached skill level 8 in Axes
  4558 | D:6      | Found a sparkling altar of Nemelex Xobeh.
  4558 | D:6      | Noticed Jessica
  4561 | D:6      | Killed Jessica
  4588 | D:6      | Reached * piety under Trog
  4657 | D:6      | Found a hide-covered altar of Uskayaw.
  4657 | D:6      | Noticed a hand axe
  4657 | D:6      | Noticed a dagger
  4657 | D:6      | Noticed Edmund
  4686 | D:6      | Killed Edmund
  4824 | D:6      | Found Tilamoca's Gadget Shoppe.
  4929 | D:6      | Reached skill level 9 in Axes
  5133 | D:6      | Reached XP level 9. HP: 68/79 MP: 8/8
  5253 | D:6      | Found a sparkling altar of Nemelex Xobeh.
  5424 | D:7      | Reached ** piety under Trog
  5578 | D:7      | Reached skill level 10 in Axes
  5888 | D:7      | Found Vitraklu's Serpentskin Sales.
  6183 | D:8      | Found Fimmelez's General Store.
  6213 | D:8      | Bought a scroll of identify for 32 gold pieces
  6269 | D:8      | Found a staircase to the Lair.
  6425 | D:9      | Noticed a manticore
  6437 | D:9      | Killed a manticore
  6573 | D:9      | Noticed a cyan ugly thing
  6579 | D:9      | Killed a cyan ugly thing
  6579 | D:9      | Reached skill level 11 in Axes
  6579 | D:9      | Reached XP level 10. HP: 62/90 MP: 9/9
  6729 | D:9      | You fall through a shaft for 2 floors!
  6729 | D:11     | Found a staircase to the Orcish Mines.
  6732 | D:11     | Noticed a purple ugly thing
  6732 | D:11     | Noticed a green ugly thing
  6744 | D:11     | Reached *** piety under Trog
  6813 | D:11     | Noticed a cyan ugly thing
  6825 | D:11     | Killed a purple ugly thing
  6841 | D:11     | Killed a cyan ugly thing
  6850 | D:11     | Killed a red ugly thing
  6912 | D:11     | HP: 3/91 [yak (10)]
  6914 | D:11     | Slain by a yak

Vault maps used:
D:1:      erik_arrival_orb_chamber
D:2:      overflow_temple_1_default
D:3:      grunt_qazlal_clouds, first_ration, kennysheep_generic_room_14
D:4:      lemuel_round_altar, uniq_eustachio, uniq_crazy_yiuf_cottage,
          uniq_blork_the_orc
D:5:      kennysheep_vampire_church, nicolae_dithmenos_shadow_blocks,
          marbit_many_paths, minmay_temple_entry_butterflies, basic_altar,
          uniq_duvessa
D:6:      dancing_weapons_uskayaw, lemuel_coloured_pillars_altar,
          nicolae_ossuary_entry_catacombs, serial_shops, shop,
          nemelex_lonely_heart_becter, uniq_edmund
D:7:      guppyfry_shop_venom
D:8:      lemuel_crystal_altar, erik_lair_orcish_takeover, serial_shops, shop
D:9:      overflow_temple_1_default, lemuel_crystal_altar, doesnt_xom_only_xom
D:11:     zombieorc2_lemuel, gammafunk_ghost_spectres
Temple:   cyrus_temple_forest

Skill      XL: |  1  2  3  4  5  6  7  8  9 10 |
---------------+-------------------------------+-----
Axes           | 3 4 5 6 7 9 11 | 11.9
Shields        | 4 5 6 7 8 9 |  9.3
Armour         | 4 5 6 7 8 9 |  9.3
Fighting       | 4 5 6 7 8 9 |  9.2

Action                   |  1- 3 |  4- 6 |  7- 9 | 10-12 || total
-------------------------+-------+-------+-------+-------++-------
Melee: War axe           |    86 |       |       |       ||    86
       Headbutt          |    14 |    30 |    83 |    22 ||   149
       Hand axe          |    15 |   129 |   353 |    90 ||   587
Invok: Trog's Hand       |       |       |     2 |     2 ||     4
       Berserk           |       |       |       |     1 ||     1
Evoke: Wand              |       |       |     3 |       ||     3
  Use: Scroll            |       |     5 |     4 |       ||     9
       Potion            |       |       |       |     5 ||     5
  Eat: Chunk             |       |     5 |    10 |     1 ||    16
       Ration            |       |       |     2 |       ||     2
Armor: Scale mail        |    45 |    37 |   112 |    29 ||   223
Dodge: Dodged            |    38 |    35 |    71 |    19 ||   163
Block: Shield            |    55 |    63 |   152 |    48 ||   318

Table legend:
 A = Spawn XP
 B = Non-spawn XP
 C = Spawn XP percentage of total XP
 D = Spawn monster count
 E = Non-spawn monster count
 F = Spawn count percentage of total count
 G = Total turns spent on level
                    A         B        C        D         E        F      G
               +---------+---------+-------+---------+---------+-------+---------
         Total |       0 |    8210 |   0.0 |       0 |     243 |   0.0 |  6914
               +---------+---------+-------+---------+---------+-------+---------
           D:1 |       0 |      59 |   0.0 |       0 |      37 |   0.0 |   636
           D:2 |       0 |      76 |   0.0 |       0 |      26 |   0.0 |   637
           D:3 |       0 |     195 |   0.0 |       0 |      33 |   0.0 |   833
           D:4 |       0 |     470 |   0.0 |       0 |      13 |   0.0 |   879
           D:5 |       0 |     975 |   0.0 |       0 |      31 |   0.0 |  1174
           D:6 |       0 |    1082 |   0.0 |       0 |      26 |   0.0 |  1075
           D:7 |       0 |    1277 |   0.0 |       0 |      25 |   0.0 |   849
           D:8 |       0 |     835 |   0.0 |       0 |      13 |   0.0 |   272
           D:9 |       0 |    1101 |   0.0 |       0 |       5 |   0.0 |   304
          D:11 |       0 |    2140 |   0.0 |       0 |      34 |   0.0 |   185
               +---------+---------+-------+---------+---------+-------+---------
